 Seeded DCSS version 0.31.0-12-g77e489cdc1 (webtiles) character file.

Game seed: 16883790005771389819 (custom seed)

36740 CInkIbrahim the Nimble (level 13, -6/109 HPs)
             Began as a Merfolk Fighter on Feb 28, 2024.
             Was a High Priest of Makhleb.
             Killed from afar by a lindwurm (17 damage)
             ... with a blast of flame
             ... on level 3 of the Lair of Beasts.
             The game lasted 00:28:55 (13389 turns).

CInkIbrahim the Nimble (Merfolk Fighter)           Turns: 13389, Time: 00:28:55

Health: -6/109     AC: 13    Str: 20    XL:     13   Next: 92%
Magic:  13/13      EV: 16    Int:  9    God:    Makhleb [*****.]
Gold:   179        SH:  0    Dex: 15    Spells: 12/12 levels left

rFire   . . .        a - +11 quarterstaff of Zoimnil {speed, Dex+2}
rCold   . . .        (shield currently unavailable)
rNeg    . . .        i - +0 scale mail
rPois   .            w - +2 helmet
rElec   .            o - +0 cloak
rCorr   .            I - +0 pair of gloves
SInv    .            (no boots)
Will    .....        D - amulet of the acrobat Stlth
                     h - +4 ring of slaying
HPRegen 0.38/turn    A - ring of flight
MPRegen 0.13/turn

%: acrobat
@: about to teleport, flying
A: (nimble swimmer 2), mertail
a: Renounce Religion, Minor Destruction, Lesser Servant of Makhleb, Major
Destruction, Greater Servant of Makhleb


You were on level 3 of the Lair of Beasts.
You worshipped Makhleb.
Makhleb was extremely pleased with you.
You visited 3 branches of the dungeon, and saw 14 of its levels.
You also visited: Sewer.

You collected 674 gold pieces.
You spent 495 gold pieces at shops.

Inventory:

Hand Weapons
 a - the +11 quarterstaff of Zoimnil (weapon) {speed, Dex+2}
   (You bought it in a shop on level 5 of the Dungeon)

   Dex+2:     It affects your dexterity (+2).
 b - the +6 sling of Suruiph {speed, rElec rPois}
   (You found it on level 2 of the Dungeon)

   rElec:     It insulates you from electricity.
   rPois:     It protects you from poison
 j - a +3 trident of freezing
 t - a +2 spear of venom
 E - the +6 quarterstaff of the Oily God {venom, rC+ Str+3 Int+3}
   (You found it on level 2 of the Dungeon)

   Str+3:     It affects your strength (+3).
   Int+3:     It affects your intelligence (+3).
   rC+:       It protects you from cold.
 R - the +11 sling of Qomnium {antimagic, Int+4}
   (You found it on level 8 of the Dungeon)

   Int+4:     It affects your intelligence (+4).
Armour
 c - a +0 buckler
 i - a +0 scale mail (worn)
 o - a +0 cloak (worn)
 w - a +2 helmet (worn)
 I - a +0 pair of gloves (worn)
 J - a +0 tower shield
Jewellery
 h - a +4 ring of slaying (left hand)
 m - a ring of see invisible
 A - a ring of flight (right hand)
 B - a +5 ring of evasion
 D - an amulet of the acrobat (around neck)
 O - an amulet of faith
 S - a ring of resist corrosion
 X - the ring "Fanai" {rPois rC- rN+ AC+4 Str+6}
   (You bought it in a shop on level 4 of the Dungeon)

   [ring of protection]

   AC+4:      It affects your AC (+4).
   Str+6:     It affects your strength (+6).
   rC-:       It makes you vulnerable to cold.
   rPois:     It protects you from poison rN+: It protects you from negative
   energy.
Talismans
 F - a serpent talisman
 N - a storm talisman
Wands
 s - a wand of flame (31)
 H - a wand of mindburst (14)
 L - a wand of iceblast (6)
 P - a wand of digging (7)
 W - a wand of quicksilver (14)
Scrolls
 d - a scroll of fear
 e - 2 scrolls of enchant armour
 f - 8 scrolls of teleportation
 g - 3 scrolls of fog
 n - 3 scrolls of amnesia
 p - 2 scrolls of butterflies
 q - a scroll of silence
 u - a scroll of blinking {unknown}
 x - 3 scrolls of revelation
 y - 2 scrolls of brand weapon {unknown}
 G - a scroll of identify
 K - 2 scrolls of vulnerability {unknown}
 T - a scroll of noise {unknown}
 V - 3 scrolls of poison {unknown}
Potions
 k - a potion of lignification {unknown}
 l - 5 potions of ambrosia {unknown}
 v - 2 potions of magic
 z - a potion of cancellation
 C - 4 potions of mutation
 Q - 2 potions of resistance
 U - a potion of haste


   Skills:
 + Level 12.5 Fighting
 - Level 14.0(14.6) Polearms
 - Level 4.1(7.2) Staves
 + Level 7.3 Armour
 + Level 14.2 Dodging
 + Level 9.7 Shields
 - Level 7.4 Shapeshifting


You had 12 spell levels left.
You didn't know any spells.
Your spell library contained the following spells:

 Spells                   Type           Power      Damage    Failure   Level
 Jinxbite                 Hex            0%         N/A       83%         2
 Scorch                   Fire           0%         2d5       83%         2
 Flame Wave               Conj/Fire      0%         2d4       100%        4
 Alistair's Intoxication  Alch           0%         N/A       100%        5
 Borgnjor's Vile Clutch   Necr/Erth      0%         N/A       100%        5
 Freezing Cloud           Conj/Ice/Air   0%         6-21      100%        5
 Yara's Violent Unravell  Hex/Alch       0%         3d3       100%        5
 Eringya's Noxious Bog    Alch           0%         4d6       100%        6
 Sculpt Simulacrum        Ice/Alch       0%         N/A       100%        6
 Summon Cactus Giant      Summ           0%         N/A       100%        6
 Enfeeble                 Hex            0%         N/A       100%        7
 Polar Vortex             Ice            0%         N/A       100%        9


Dungeon Overview and Level Annotations

Branches:
Dungeon (10/15)            Temple (1/1) D:6            Lair (3/5) D:9
 Shoals (0/4) Lair:2       Spider (0/4) Lair:3        Sewer (visited)
    Orc: D:9-12

Altars:
Ashenzari
Cheibriados
Dithmenos
Elyvilon
Fedhas
Gozag
Hepliaklqana
Makhleb
Nemelex Xobeh
Okawaru
Qazlal
Ru
Sif Muna
Trog
Uskayaw
Vehumet
Wu Jian
Xom
Yredelemnul
Zin
The Shining One

Shops:
D:3 (   D:4 ??(*:   D:5 *

Annotations:
D:9 exclusion: orange crystal statue
Lair:3 exclusion: 3 oklob plants


Innate Abilities, Weirdness & Mutations

((You are very nimble when in or above water. (Stealth+, EV+, Speed+++)))
Your lower body shifts to a powerful aquatic tail in water.


Message History

The lindwurm breathes flames at you. The blast of flame hits you!!!
* * * LOW HITPOINT WARNING * * *
The lindwurm bites you but does no damage.
The lindwurm claws you but does no damage.
The lindwurm closely misses you.
You closely miss the lindwurm.
The lindwurm is severely wounded.
The lindwurm bites you.
* * * LOW HITPOINT WARNING * * *
The lindwurm claws you.
* * * LOW HITPOINT WARNING * * *
The lindwurm claws you but does no damage.
The lindwurm barely misses you. The lindwurm claws you.
* * * LOW HITPOINT WARNING * * *
The lindwurm claws you but does no damage.
You feel better. The lindwurm bites you.
* * * LOW HITPOINT WARNING * * *
The lindwurm claws you but does no damage. x2
The lindwurm bites you but does no damage.
The lindwurm barely misses you. x2
As you read the scroll labelled FUSYIL OSORR, it crumbles to dust.
You hear the flapping of tiny wings.
The lindwurm is knocked back by the sudden gust. x2
It was a scroll of butterflies.
You swap places.
The lindwurm completely misses you. x2
The lindwurm claws you but does no damage.
The lindwurm closely misses your butterfly.
The lindwurm claws your butterfly!
Your butterfly dies!
Your butterfly disappears in a burst of colours!
A lindwurm comes into view.
As you read the scroll of teleportation, it crumbles to dust.
You feel strangely unstable. The lindwurm breathes flames at you.
The blast of flame hits your butterfly!!!
Your butterfly dies!
Your butterfly disappears in a burst of colours!
The blast of flame hits you!
You die...

........ .#....≈≈ §§≈§§≈§
..# .....≈≈≈
§§§≈≈≈§≈≈≈....# ....≈≈≈≈
≈≈≈§≈§§§≈§...# ....≈≈≈≈
...≈§§§§≈...## ...≈≈≈§≈
#...b§§≈§..(# ...≈≈≈§≈
#k.§≈b§b...## ...§≈≈≈.
#/.§§b≈§...# ..≈§≈§≈.
#@b≈≈≈b...# ..≈≈≈§≈.
?}"!##.bbb§≈...# ...≈≈≈≈.
.$$.#kbbbbbbb.##
...≈≈≈§§..####kbbbb≈≈§..#
..§§§§≈≈.§§##..bbbbb≈...#
..§.≈≈§§≈≈...b§§bb≈≈b...#
P...≈§§≈≈≈§≈≈bbb≈bbbb...#
.....≈≈≈≈≈§≈≈§≈§≈§≈...b.#
#P...§§≈§§≈≈≈≈≈≈≈≈......#


You could see 3 lindwurms.

Vanquished Creatures
  2 hydras
  Erica (D:9)
  2 two-headed ogres
  A catoblepas (Lair:1)
  3 death yaks (D:9)
  Urug (Lair:2)
  A lindwurm (Lair:3)
  A meliai (Lair:3)
  15 elephants
  4 black mambas
  4 rime drakes
  A kobold demonologist (D:10)
  7 cane toads
  4 komodo dragons
  2 trolls
  A queen bee (Lair:3)
  Grinder (D:3)
  11 blink frogs
  A dream sheep (Lair:1)
  A snapping turtle (Lair:2)
  Sigmund (D:2)
  A shadow (D:6)
  9 wyverns
  A water elemental (Lair:2)
  28 yaks
  A vampire (D:10)
  6 basilisks
  Grum (D:9)
  3 steam dragons
  Duvessa (D:7)
  19 water moccasins
  2 laughing skulls (D:9)
  3 orc warriors
  2 sky beasts
  A black bear (Lair:3)
  8 wolves
  An ogre (D:7)
  2 centaurs
  2 brain worms (Sewer)
  9 bullfrogs
  2 gnoll sergeants
  A scorpion (D:5)
  9 wights
  Dowan (D:7)
  33 killer bees (Lair:3)
  A howler monkey (D:9)
  2 jellies
  3 lava snakes (D:9)
  A bombardier beetle (D:5)
  A hound (D:7)
  2 orc priests
  Crazy Yiuf (D:2)
  2 gnoll boudas
  Terence (D:3)
  3 iguanas
  2 sleepcaps
  10 orc wizards
  5 hell rats
  Robin (D:3)
  20 gnolls
  3 river rats (Sewer)
  7 adders
  2 ufetubi (D:6)
  3 ribbon worms
  3 dart slugs
  23 orcs
  4 endoplasms
  5 giant cockroaches
  13 goblins
  12 hobgoblins
  4 jackals (D:2)
  4 kobolds
  7 quokkas
  9 ball pythons
  3 bats
  9 frilled lizards
  17 rats
394 creatures vanquished.

Vanquished Creatures (collateral kills)
  An elephant (Lair:3)
  A killer bee (Lair:2)
2 creatures vanquished.

Vanquished Creatures (others)
  An orc wizard (D:9)
  An orc (D:5)
2 creatures vanquished.

Grand Total: 398 creatures vanquished

Notes
Turn   | Place    | Note
-------+----------+-------------------------------------------
     0 | D:1      | CInkIbrahim the Merfolk Fighter began the quest for the
                  | Orb.
     0 | D:1      | Reached XP level 1. HP: 18/18 MP: 1/1
   168 | D:1      | Reached XP level 2. HP: 24/24 MP: 2/2
   394 | D:1      | Reached XP level 3. HP: 29/29 MP: 3/3
  1018 | D:2      | Reached skill level 5 in Polearms
  1053 | D:2      | Found the sphere of Battle
  1060 | D:2      | Found a white marble altar of Elyvilon.
  1175 | D:2      | Identified the +6 sling of Suruiph {speed, rElec rPois}
  1205 | D:2      | Noticed Sigmund
  1212 | D:2      | Killed Sigmund
  1213 | D:2      | Reached XP level 4. HP: 30/35 MP: 4/4
  1213 | D:2      | Reached XP level 5. HP: 35/41 MP: 5/5
  1282 | D:2      | Identified the +6 quarterstaff of the Oily God {venom, rC+
                  | Str+3 Int+3}
  1329 | D:2      | Found the +6 shillelagh "Devastator" {shatter}
  1462 | D:2      | Reached XP level 6. HP: 47/47 MP: 6/6
  1679 | D:2      | Found a runed translucent door.
  1679 | D:2      | Identified the +4 hammer "Dragonslayer" {drain, rElec rN+}
  1680 | D:2      | Noticed Crazy Yiuf
  1687 | D:2      | Killed Crazy Yiuf
  1900 | D:3      | Found a bloodstained altar of Trog.
  1900 | D:3      | Noticed Grinder
  1908 | D:3      | Killed Grinder
  1909 | D:3      | Reached XP level 7. HP: 41/52 MP: 7/7
  2060 | D:3      | Identified the +2 robe "Zajoeq" {+Blink Dex+3 Stlth+}
  2110 | D:3      | Noticed Terence
  2116 | D:3      | Killed Terence
  2117 | D:3      | Reached skill level 10 in Polearms
  2174 | D:3      | Noticed Robin
  2193 | D:3      | Killed Robin
  2671 | D:3      | Found Emuffaell's Antique Weapon Shop.
  3008 | D:4      | Found Ciekown's Magic Scroll Emporium.
  3024 | D:4      | Bought a scroll of identify for 20 gold pieces
  3024 | D:4      | Bought a scroll of identify for 20 gold pieces
  3024 | D:4      | Bought a scroll of revelation for 75 gold pieces
  3024 | D:4      | Bought a scroll of identify for 20 gold pieces
  3024 | D:4      | Bought a scroll of identify for 20 gold pieces
  3024 | D:4      | Found Moreq's Magic Scroll Shop.
  3060 | D:4      | Found a glowing drain.
  3068 | Sewer    | Entered a sewer
  3311 | Sewer    | Reached XP level 8. HP: 58/58 MP: 8/8
  3371 | Sewer    | Reached XP level 9. HP: 73/73 MP: 9/9
  3497 | D:4      | Found Ohaishredd's Weapon Emporium.
  3586 | D:4      | Found an ornate altar of the Wu Jian Council.
  3604 | D:4      | Found Fainges's Assorted Antiques.
  3671 | D:4      | Found Wyikitta's Book Shop.
  3925 | D:5      | Entered Level 5 of the Dungeon
  4078 | D:5      | Found Baett's Assorted Antiques.
  4083 | D:5      | Bought a scroll labelled RISHREO EHIE for 23 gold pieces
  5203 | D:6      | Found a staircase to the Ecumenical Temple.
  5226 | D:6      | Found a shadowy altar of Dithmenos.
  5306 | D:6      | Identified the +7 rapier of Sunlight {chaos, Int+3}
  5412 | Temple   | Entered the Ecumenical Temple
  5434 | Temple   | Became a worshipper of Makhleb the Destroyer
  5495 | D:7      | Found a stormy altar of Qazlal.
  5833 | D:7      | Noticed Dowan
  5834 | D:7      | Noticed Duvessa
  5841 | D:7      | Killed Duvessa
  5845 | D:7      | Killed Dowan
  5851 | D:7      | Found a broken altar of Ashenzari.
  6226 | D:7      | Reached XP level 10. HP: 65/81 MP: 10/10
  6327 | D:8      | Identified the +0 robe of the Fisher {Rampage rElec rCorr
                  | Stlth-}
  6441 | D:8      | Identified the +11 sling of Qomnium {antimagic, Int+4}
  6968 | D:9      | Noticed a death yak
  6987 | D:9      | Noticed Erica
  6996 | D:9      | Noticed a death yak
  7010 | D:9      | Noticed a death yak
  7014 | D:9      | Found a staircase to the Lair.
  7313 | D:9      | Killed a death yak
  7314 | D:9      | Reached skill level 5 in Shields
  7322 | D:9      | Reached * piety under Makhleb
  7337 | D:9      | Killed a death yak
  7346 | D:9      | Killed a death yak
  7347 | D:9      | Reached skill level 10 in Dodging
  7437 | D:9      | Killed Erica
  7438 | D:9      | Reached XP level 11. HP: 58/89 MP: 11/11
  7595 | D:9      | Noticed Grum
  7620 | D:9      | Killed Grum
  8002 | D:9      | Noticed a two-headed ogre
  8010 | D:9      | Killed a two-headed ogre
  8175 | D:9      | Noticed an orange crystal statue
  8268 | D:9      | Noticed a two-headed ogre
  8582 | D:5      | Bought a jewelled quarterstaff for 207 gold pieces
  8582 | D:5      | Identified the +11 quarterstaff of Zoimnil {speed, Dex+2}
                  | (You bought it in a shop on level 5 of the Dungeon)
  8663 | D:10     | Entered Level 10 of the Dungeon
  8774 | D:10     | Noticed a two-headed ogre
  8783 | D:10     | Killed a two-headed ogre
  8791 | D:10     | Reached ** piety under Makhleb
  8801 | D:10     | Reached skill level 1 in Staves
  9023 | D:10     | Reached skill level 10 in Fighting
  9067 | Lair:1   | Entered Level 1 of the Lair of Beasts
  9135 | Lair:1   | Reached skill level 5 in Armour
  9253 | Lair:1   | Reached XP level 12. HP: 56/97 MP: 12/12
  9511 | Lair:1   | Noticed a catoblepas
  9532 | Lair:1   | Killed a catoblepas
  9884 | Lair:1   | Reached *** piety under Makhleb
 10467 | Lair:1   | Noticed a seven-headed hydra
 10478 | Lair:1   | Killed a seven-headed hydra
 10855 | D:4      | Bought a sparkling platinum ring for 110 gold pieces
 10855 | D:4      | Identified the ring "Fanai" {rPois rC- rN+ AC+4 Str+6} (You
                  | bought it in a shop on level 4 of the Dungeon)
 10974 | Lair:2   | Found a staircase to the Shoals.
 11276 | Lair:2   | Noticed Urug
 11288 | Lair:2   | Killed Urug
 11405 | Lair:2   | Identified the +6 orcbow "Joegil" {heavy, *Slow rCorr Int+4
                  | Dex+3}
 11545 | Lair:2   | Reached XP level 13. HP: 106/106 MP: 13/13
 12278 | Lair:3   | Found a hole to the Spider Nest.
 12713 | Lair:3   | Got the Elucidation of Frostbite
 12784 | Lair:3   | Reached **** piety under Makhleb
 13250 | Lair:3   | Reached ***** piety under Makhleb
 13343 | Lair:3   | Found the amulet of Vitality {RegenMP++ Regen++}
 13384 | Lair:3   | HP: 5/109 [lindwurm (2)]
 13389 | Lair:3   | Killed from afar by a lindwurm

Illustrated notes

Levels and vault maps discovered:
D:1:      heliophobic_arrival_battle_scene, layout_basic, chequers_arboretum
D:2:      layout_loops_cross, basic_altar, uniq_crazy_yiuf_cottage, uniq_sigmund
D:3:      layout_basic, nicolae_overflow_hidden_temple, serial_shops, shop,
          hex_large, uniq_terence, uniq_robin, uniq_grinder
D:4:      layout_rooms, nicolae_wu_jian_wuxing_cycle, serial_shops,
          nicolae_shop_statue_plus, nicolae_shop_back_alley_shop, shop,
          nicolae_shop_trees, nicolae_shop_hallway_plus, gup_sewer_entry_bubbles
D:5:      layout_basic, serial_shops, nicolae_diamond_shop,
          lemuel_flamethrower_1
D:6:      layout_rooms, nicolae_dithmenos_through_a_glass_darkly,
          minmay_temple_entry_statues_fountains
D:7:      layout_basic, ashenzari_altar_1, grunt_qazlal_sundering,
          serial_rivers, chequers_serial_rivers_room_a,
          chequers_serial_rivers_small_3, chequers_serial_rivers_small_a,
          chequers_serial_rivers_micro_d, chequers_serial_rivers_marsh,
          minmay_stone_trees_small, uniq_duvessa
D:8:      layout_cave_pools
D:9:      layout_basic, dpeg_lair_monsters, disabler_island, uniq_grum,
          uniq_erica
D:10:     nzn_winding_woodlands_large [nzn_winding_woodlands_hourglass,
          nzn_winding_woodlands_5x15_pathside_ponds,
          nzn_winding_woodlands_5x5_cross, nzn_winding_woodlands_center_lodge,
          nzn_winding_woodlands_15x15_boxy_spiral,
          nzn_winding_woodlands_center_garden, nzn_winding_woodlands_5x5_three,
          nzn_winding_woodlands_5x15_pool,
          nzn_winding_woodlands_5x5_closed_star], layout_basic,
          minmay_diced_spiral
Temple:   regret_index_temple_sphere_string
Lair:1:   layout_cave_pods, minmay_shattered_shrine
Lair:2:   layout_roguey, minmay_shoals_entry_hut, lemuel_old_faithful, uniq_urug
Lair:3:   hangedman_what_comes_after_a, layout_regular_city,
          hellmonk_spider_entry_not_the_bees, minmay_lindwurm_lava

Skill      XL: |  1  2  3  4  5  6  7  8  9 10 11 12 13 |
---------------+----------------------------------------+-----
Polearms       | 3 4 7 8 9 11 14 | 14.0
Fighting       | 7 8 9 10 11 12 | 12.5
Dodging        | 8 9 10 11 12 14 | 14.2
Shapeshifting  | 7 |  7.4
Shields        | 4 5 7 8 9 |  9.7
Armour         | 3 4 5 6 7 |  7.3
Staves         | 2 4 |  4.1

Action                     |  1- 3 |  4- 6 |  7- 9 | 10-12 | 13-15 || total
---------------------------+-------+-------+-------+-------+-------++-------
  Melee: Trident           |    76 |       |    83 |   197 |       ||   356
         Spear             |    35 |     8 |       |       |       ||    43
         Quarterstaff      |       |    34 |   155 |   383 |   405 ||   977
         Tailslap          |       |       |     3 |       |       ||     3
         Punch             |       |       |     1 |     4 |       ||     5
  Throw: Throwing net      |       |       |     1 |     2 |       ||     3
 Invoke: Lesser Servant of |       |       |       |       |     3 ||     3
  Evoke: Wand              |       |       |       |    14 |       ||    14
    Use: Scroll            |       |       |     9 |     9 |     3 ||    21
         Potion            |       |       |     3 |     8 |     2 ||    13
   Stab: Held in net/web   |       |       |     1 |     1 |       ||     2
         Petrified         |       |       |       |     5 |       ||     5
 Armour: Scale mail        |    48 |    21 |   120 |   258 |   210 ||   657
  Dodge: Dodged            |    24 |    17 |   147 |   410 |   470 ||  1068
  Block: Buckler           |    14 |       |       |       |       ||    14
